 Dungeon Crawl Stone Soup version 0.28.0-45-g0d030f2227 (webtiles) character file.

Game seed: 2162020940612781933

7 pkoi the Grasshopper (level 1, 0/17 HPs)
             Began as a Demigod Warper on Apr 25, 2022.
             Frozen to death by an endoplasm (4 damage)
             ... on level 1 of the Dungeon.
             The game lasted 00:00:23 (400 turns).

pkoi the Grasshopper (Demigod Warper)                Turns: 400, Time: 00:00:24

Health: 0/17       AC:  3    Str: 12    XL:     1   Next: 66%
Magic:  5/5        EV: 15    Int: 15    God:
Gold:   5          SH:  0    Dex: 13    Spells: 3/3 levels left

rFire   . . .      SeeInvis .   d - +0 dagger
rCold   . . .      Faith    .   (no shield)
rNeg    . . .      Spirit   .   a - +0 leather armour
rPois   .          Reflect  .   (no helmet)
rElec   .          Harm     .   (no cloak)
rCorr   .          Rampage  .   (no gloves)
Will    .....                   (no boots)
Stlth   +.........              (no amulet)
HPRegen 0.05/turn               f - +4 ring of evasion
MPRegen 0.09/turn               (no ring)

@: no status effects
A: high MP 1, forlorn, divine attributes
a: no special abilities


You were on level 1 of the Dungeon.
You visited 1 branch of the dungeon, and saw 1 of its levels.

You collected 5 gold pieces.

Inventory:

Hand Weapons
 d - a +0 dagger (weapon)
Missiles
 c - 5 boomerangs of dispersal (quivered)
 e - 2 poisoned darts
Armour
 a - a +0 leather armour (worn)
Jewellery
 f - a +4 ring of evasion (left hand)
Scrolls
 b - a scroll of blinking


   Skills:
 - Level 1.7 Fighting
 - Level 0.8 Throwing
 - Level 0.8 Armour
 - Level 1.7 Dodging
 + Level 2.4 Unarmed Combat
 - Level 1.7 Spellcasting
 - Level 2.6 Translocations


You had 3 spell levels left.
You didn't know any spells.
Your spell library contained the following spells:

 Spells                   Type           Power      Damage    Failure   Level
 Blink                    Tloc           18%        N/A       14%         2
 Gell's Gravitas          Tloc           9%         N/A       28%         3
 Lesser Beckoning         Tloc           9%         N/A       28%         3
 Teleport Other           Tloc           9%         N/A       28%         3
 Manifold Assault         Tloc           9%         N/A       95%         5


Dungeon Overview and Level Annotations

Branches:
Dungeon (1/15)


Innate Abilities, Weirdness & Mutations

You have an increased reservoir of magic. (+10% MP)
You shall have no god before yourself.
Your divine heritage dramatically boosts your attributes as you level up.


Message History

You kill the rat!
No target in view!
Found 23 arrows.
A kobold comes into view. It is wielding a +0 short sword.
An endoplasm comes into view.
The endoplasm quivers.
You barely miss the kobold. The kobold misses you.
You completely miss the kobold. The kobold barely misses you.
You completely miss the kobold. The kobold hits you but does no damage.
You closely miss the kobold. The kobold hits you but does no damage.
You closely miss the kobold. The kobold hits you but does no damage.
You barely miss the kobold. The kobold hits you but does no damage.
The endoplasm barely misses you.
You hit the kobold but do no damage. The kobold barely misses you.
The endoplasm hits you.
You hit the kobold.
The kobold is moderately wounded.
The kobold hits you but does no damage. The endoplasm freezes you.
You are frozen.
* * * LOW HITPOINT WARNING * * *
You are too injured to fight recklessly!
You are too injured to fight recklessly!
You are too injured to fight recklessly!
You are too injured to fight recklessly!
You are too injured to fight recklessly!
There are monsters nearby!
You hit the endoplasm but do no damage.
The kobold hits you with a +0 short sword.
* * * LOW HITPOINT WARNING * * *
The endoplasm freezes you.
You are frozen.
* * * LOW HITPOINT WARNING * * *
You hit the endoplasm but do no damage. The kobold misses you.
The endoplasm barely misses you.
You hit the endoplasm but do no damage. Your punch misses the endoplasm.
The kobold completely misses you. The endoplasm freezes you.
You are frozen.
You die...

#.....# #. #.....# #.
#.....# #. #.....# ###.#
#.....# .... ###.### #.
###.. ####.### ..
#....###......#######.
#...K@.............##(
#...J..............##.
.........♣.....♣.....##.
.....................##.
.##......♣.....♣........
##.................#..
#.....♣.....♣.....#.#
..................#.#
...♣.....♣.....#..


You could see an endoplasm and a kobold.

Vanquished Creatures
  A giant cockroach (D:1)
  A goblin (D:1)
  A hobgoblin (D:1)
  A ball python (D:1)
  A frilled lizard (D:1)
  2 rats (D:1)
7 creatures vanquished.

Notes
Turn   | Place    | Note
-------+----------+-------------------------------------------
     0 | D:1      | pkoi the Demigod Warper began the quest for the Orb.
     0 | D:1      | Reached XP level 1. HP: 17/17 MP: 5/5
   400 | D:1      | Frozen to death by an endoplasm

Illustrated notes

Levels and vault maps discovered:
D:1:      wander_arrival_estate, layout_loops_cross, grunt_decor_resistance

Skill      XL: |  1 |
---------------+----+-----
Unarmed Combat | 2 |  2.4
Fighting       | |  1.7
Throwing       | |  0.8
Armour         | |  0.8
Dodging        | |  1.7
Spellcasting   | |  1.7
Translocations | |  2.6

Action                   || total
-------------------------++-------
Melee: Unarmed           ||    26
       Dagger            ||    24
Armor: Leather armour    ||    11
Dodge: Dodged            ||    34
